 Dungeon Crawl Stone Soup version 0.27.1-2-g3b301248ec (webtiles) character file.

Game seed: 10913745008823723147

20 MisterFreud the Shield-Bearer (level 2, 0/29 HPs)
             Began as a Gnoll Fighter on Sept 29, 2021.
             Succumbed to a kobold's poison
             ... on level 1 of the Dungeon.
             The game lasted 00:00:53 (1155 turns).

MisterFreud the Shield-Bearer (Gnoll Fighter)       Turns: 1155, Time: 00:00:54

Health: 0/29       AC:  9    Str: 15    XL:     2   Next: 79%
Magic:  2/2        EV:  7    Int:  7    God:
Gold:   31         SH: 10    Dex: 11    Spells: 2/2 levels left

rFire    . . .     SeeInvis .   a - +0 rapier
rCold    . . .     Faith    .   c - +0 kite shield
rNeg     . . .     Spirit   .   b - +0 scale mail
rPois    .         Reflect  .   (no helmet)
rElec    .         Harm     .   (no cloak)
rCorr    .         Rampage  .   (no gloves)
Will     .....                  h - +0 pair of boots
Stlth    ..........             (no amulet)
HPRegen  0.09/turn              (no ring)
MPRegen  0.08/turn              (no ring)

@: lethally poisoned (0 -> -21), attractive
A: fangs 1, strong nose, distributed training
a: no special abilities


You were on level 1 of the Dungeon.
You visited 1 branch of the dungeon, and saw 1 of its levels.

You collected 31 gold pieces.

Inventory:

Hand Weapons
 a - a +0 rapier (weapon)
Armour
 b - a +0 scale mail (worn)
 c - a +0 kite shield (worn)
 h - a +0 pair of boots (worn)
Scrolls
 e - 2 scrolls of identify {unknown}
Potions
 d - a potion of might
 g - a potion of flight {unknown}


   Skills:
 + Level 6.5 Fighting
 + Level 4.5 Short Blades
 + Level 0.5 Long Blades
 + Level 0.5 Axes
 + Level 0.5 Maces & Flails
 + Level 0.5 Polearms
 + Level 0.5 Staves
 + Level 0.5 Slings
 + Level 0.5 Bows
 + Level 0.5 Crossbows
 + Level 0.5 Throwing
 + Level 6.5 Armour
 + Level 0.5 Dodging
 + Level 0.5 Stealth
 + Level 6.5 Shields
 + Level 0.5 Unarmed Combat
 + Level 0.5 Spellcasting
 + Level 0.3 Conjurations
 + Level 0.3 Hexes
 + Level 0.3 Summonings
 + Level 0.3 Necromancy
 + Level 0.3 Translocations
 + Level 0.3 Transmutations
 + Level 0.3 Fire Magic
 + Level 0.3 Ice Magic
 + Level 0.3 Air Magic
 + Level 0.3 Earth Magic
 + Level 0.3 Poison Magic
 + Level 0.6 Invocations
 + Level 0.5 Evocations


You had 2 spell levels left.
You didn't know any spells.
Your spell library contained the following spells:

 Spells                   Type           Power      Damage    Failure   Level
 Tukima's Dance           Hex            0%         N/A       100%        3
 Passage of Golubria      Tloc           N/A        N/A       100%        4
 Yara's Violent Unravell  Hex/Tmut       0%         3d3       100%        5


Dungeon Overview and Level Annotations

Branches:
Dungeon (1/15)

Altars:


Innate Abilities, Weirdness & Mutations

You have very sharp teeth.
Your uncanny sense of smell can sniff out nearby items.
Your experience applies equally to all skills.


Message History

You puncture the ball python!
You kill the ball python!
No target in view!
No target in view!
A kobold and a dart slug come into view.
The kobold is wielding a +1 whip of venom.
The kobold shouts!
There are monsters nearby!
There are monsters nearby!
The kobold hits you with a +1 whip of venom.
You are poisoned.
You closely miss the kobold.
You feel sick. You block the kobold's attack.
The kobold hits you but does no damage.
You are more poisoned.
You hit the kobold but do no damage.
You feel very sick.
The kobold hits you with a +1 whip of venom.
You are lethally poisoned!
You closely miss the kobold.
You feel very sick. You block the kobold's attack.
You aren't carrying any items that you can evoke.
Unknown command.
Okay, then.
Unknown command.
You closely miss the kobold.
You feel very sick. The kobold hits you but does no damage.
You are more poisoned.
Unknown command.
Unknown command.
You barely miss the kobold.
* * * LOW HITPOINT WARNING * * *
You feel very sick. The kobold hits you but does no damage.
Unknown command.
Unknown command.
It was a potion of attraction.
You feel attractive to monsters.
You die...

.........# #.#
#####....#############.##
........................#
######....###############
...#.#....# #.######
##.#......######.......
.#...#....##.....#######
..........##.###........
#######...##...#@#######
....# #..>####.#K# ....#
#..## #.#w# ....# #..#
#.#.# ....# #..# #.#.#
#.#.# #..# #.#.. #.#.#
#..#####.############
#.#.###..#................#
#.#.#..).....#.##.#.####.##


You could see a dart slug and a kobold.

Vanquished Creatures
  2 dart slugs (D:1)
  A bat (D:1)
  An endoplasm (D:1)
  3 hobgoblins (D:1)
  3 kobolds (D:1)
  A quokka (D:1)
  2 ball pythons (D:1)
  A goblin (D:1)
  A rat (D:1)
15 creatures vanquished.

Notes
Turn   | Place    | Note
-------+----------+-------------------------------------------
     0 | D:1      | MisterFreud the Gnoll Fighter began the quest for the Orb.
     0 | D:1      | Reached XP level 1. HP: 23/23 MP: 1/1
   461 | D:1      | Reached XP level 2. HP: 25/29 MP: 2/2
  1155 | D:1      | Succumbed to a kobold's poison

Illustrated notes

Levels and vault maps discovered:
D:1:      dpeg_arrival_brainrot, layout_basic

Action                   || total
-------------------------++-------
Melee: Rapier            ||    44
       Bite              ||     3
  Use: Potion            ||     1
Armor: Scale mail        ||    10
Dodge: Dodged            ||     8
Block: Kite shield       ||    21
